 Dungeon Crawl Stone Soup version 0.29.1-1-gd02db6906a (webtiles) character file.

Game seed: 2423383499902754233

2 hawla the Sneak (level 1, -9/13 HPs)
             Began as a Deep Elf Delver on Oct 2, 2022.
             Mangled by an iguana (11 damage)
             ... on level 5 of the Dungeon.
             The game lasted 00:00:38 (55 turns).

hawla the Sneak (Deep Elf Delver)                     Turns: 55, Time: 00:00:38

Health: -9/13      AC:  3    Str:  9    XL:     1   Next: 25%
Magic:  3/3        EV: 12    Int: 14    God:
Gold:   0          SH:  0    Dex: 16    Spells: 0/0 levels left

rFire   . . .      SeeInvis .   a - +0 short sword
rCold   . . .      Faith    .   (no shield)
rNeg    . . .      Spirit   .   b - +0 leather armour
rPois   .          Reflect  .   (no helmet)
rElec   .          Harm     .   (no cloak)
rCorr   .          Rampage  .   (no gloves)
Will    .....                   (no boots)
Stlth   +++.......              (no amulet)
HPRegen 0.04/turn               (no ring)
MPRegen 0.08/turn               (no ring)

@: hasted, very quick
A: no striking features
a: no special abilities


You were on level 5 of the Dungeon.
You visited 1 branch of the dungeon, and saw 2 of its levels.

Inventory:

Hand Weapons
 a - a +0 short sword (weapon)
Armour
 b - a +0 leather armour (worn)
Wands
 g - a wand of digging (3)
Scrolls
 c - a scroll of fog
 d - a scroll of magic mapping
 e - a scroll of fear


   Skills:
 + Level 2.4 Fighting
 + Level 2.0 Short Blades
 + Level 2.4 Dodging
 + Level 6.1 Stealth


You couldn't memorise any spells.
You didn't know any spells.
Your spell library was empty.

Dungeon Overview and Level Annotations

Branches:
Dungeon (5/15)
 Temple: D:4-7

Altars:


Message History

The hobgoblin is moderately wounded.
The hobgoblin barely misses you.
A hobgoblin comes into view.
You barely miss the hobgoblin.
The hobgoblin is moderately wounded.
The hobgoblin hits you.
A goblin comes into view. It is wielding a +0 dagger.
You closely miss the hobgoblin.
The hobgoblin is moderately wounded.
The hobgoblin hits you. The hobgoblin closely misses you.
The hobgoblin attacks as you move away! The hobgoblin closely misses you.
The hobgoblin attacks as you move away! The hobgoblin misses you.
The hobgoblin hits you. The hobgoblin attacks as you move away!
The hobgoblin barely misses you. The hobgoblin attacks as you move away!
The hobgoblin closely misses you. The hobgoblin attacks as you move away!
The hobgoblin closely misses you.
There is a stone staircase leading down here.
The hobgoblin hits you.
* * * LOW HITPOINT WARNING * * *
The hobgoblin barely misses you.
You climb downwards.
There is a stone staircase leading up here.
You feel yourself speed up. The hobgoblin closely misses you.
The hobgoblin hits you.
* * * LOW HITPOINT WARNING * * *
Found an escape hatch in the ceiling.
An iguana comes into view.
The iguana hisses angrily. 2 orcs come into view.
An orc is wielding a +1 dagger of venom and quivering silver boomerangs.
The iguana closely misses you.
The orc shouts! x2
The iguana closely misses you.
An orc comes into view. It is wielding a +0 short sword.
Found a crude sling.
An orc comes into view. It is wielding a +0 hand axe.
The iguana bites you!
Ouch! That really hurt!
You die...

...#... ...o..## ....
......###...#.
#.#o..........
#...o#.......##
#####.o........#...
#.#.......$.........
........@.........####
#.......l<.g.........##
......#...............##.
.....##..#.g.............
..... #.##.......<.....#
...# ...###.......>....#
).# ##..##..#............
.. ......###...#...##..
#..#### #.###..>.# #


You could see an iguana, 3 orcs and 2 hobgoblins.

Vanquished Creatures
  A goblin (D:4)
  A kobold (D:4)
2 creatures vanquished.

Notes
Turn   | Place    | Note
-------+----------+-------------------------------------------
     0 | D:5      | hawla the Deep Elf Delver began the quest for the Orb.
     0 | D:5      | Reached XP level 1. HP: 13/13 MP: 3/3
    46 | D:5      | Noticed an iguana
    55 | D:5      | Mangled by an iguana

Illustrated notes

Levels and vault maps discovered:
D:4:      layout_rooms, uniq_blork_the_orc
D:5:      layout_rooms, grunt_temple_overflow_open, minmay_temple_entry_ruins,
          uniq_prince_ribbit1, uniq_edmund

Action                   || total
-------------------------++-------
Melee: Short sword       ||     9
  Use: Potion            ||     1
Armor: Leather armour    ||     2
Dodge: Dodged            ||    13
